 Dungeon Crawl Stone Soup version 0.30.0-29-ga12c61a403 (webtiles) character file.

Game seed: 14323384823395685351

14 monsoonserge the Cudgeller (level 2, -1/27 HPs)
             Began as a Meteoran Cinder Acolyte on June 18, 2023.
             Was a High Priest of Ignis.
             Slain by a gnoll
             ... wielding a +0 spear
              (2 damage)
             ... on level 1 of the Dungeon.
             The game lasted 00:03:23 (459 turns).

monsoonserge the Cudgeller (Meteoran Cinder Acolyte) Turns: 459, Time: 00:03:24

Health: -1/27      AC:  3    Str: 15    XL:     2   Next: 76%
Magic:  0/5        EV: 11    Int: 15    God:    Ignis [*****.]
Gold:   36         SH:  0    Dex:  9    Spells: 1/3 levels left

rFire   + . .        a - -1 mace (flame)
rCold   . . .        (no shield)
rNeg    . . .        j - +0 leather armour
rPois   .            (no helmet)
rElec   .            (no cloak)
rCorr   .            (no gloves)
SInv    .            (no boots)
Will    .....        (no amulet)
Stlth   +            (no ring)
HPRegen 0.24/turn    (no ring)
MPRegen 0.09/turn

%: no passive effects
@: glowing
A: sense surroundings 1, otherworldly, glowing, explore regen
a: Renounce Religion, Fiery Armour, Foxfire Swarm, Rising Flame


You were on level 1 of the Dungeon.
You worshipped Ignis.
Ignis was extremely pleased with you.
You visited 1 branch of the dungeon, and saw 2 of its levels.

You collected 36 gold pieces.

Inventory:

Hand Weapons
 a - a -1 mace of flaming (weapon)
Missiles
 g - 4 poisoned darts (quivered)
Armour
 b - a +0 robe
 i - a +0 ring mail
 j - a +0 leather armour (worn)
Magical Staves
 e - a staff of air
Scrolls
 c - 2 scrolls of poison {unknown}
 d - a scroll of enchant weapon {unknown}
 h - a scroll of teleportation {unknown}
 k - a scroll of identify {unknown}
Potions
 f - a potion of brilliance {unknown}


   Skills:
 + Level 3.8 Fighting
 + Level 4.0 Maces & Flails
 * Level 0.6 Armour
 + Level 1.3 Spellcasting
 + Level 3.8 Fire Magic


You had one spell level left.
You knew the following spells:

 Your Spells              Type           Power      Damage    Failure   Level
a - Scorch                Fire           24%        2d6       9%          2

Your spell library contained the following spells:

 Spells                   Type           Power      Damage    Failure   Level


Dungeon Overview and Level Annotations

Branches:
Dungeon (2/15) Zot: 733

Altars:

Shops:
D:1 (


Innate Abilities, Weirdness & Mutations

You passively map a small area around you.
You are easily found by Zot.
You glow in the dark.
You regain HP and MP as you explore.


Message History

The endoplasm quivers.
Casting: Scorch (safe; 9% risk of failure)
Confirm with . or Enter, or press ? or * to list all spells.
You can't see any susceptible monsters within range! (Use Z to cast anyway.) Unknown command.
Casting: Scorch (safe; 9% risk of failure)
Confirm with . or Enter, or press ? or * to list all spells.
Flames lash the gnoll.
The gnoll is severely wounded.
The gnoll's fire resistance burns away.
Casting: Scorch (safe; 9% risk of failure)
Confirm with . or Enter, or press ? or * to list all spells.
Flames lash the gnoll.
The gnoll is severely wounded.
The gnoll's fire resistance burns away.
The gnoll hits you from afar with a +0 spear.
Unknown command.
The gnoll hits you but does no damage.
There is a stone staircase leading up here.
The gnoll closely misses you.
There is a stone staircase leading up here.
The gnoll hits you with a +0 spear!
The gnoll hits you from afar with a +0 spear!
You climb upwards.
There is a stone staircase leading down here.
You closely miss the gnoll. The gnoll hits you with a +0 spear.
* * * LOW HITPOINT WARNING * * *
Casting: Scorch (safe; 9% risk of failure)
Confirm with . or Enter, or press ? or * to list all spells.
Flames lash the gnoll.
The gnoll is heavily wounded.
The gnoll's fire resistance burns away.
The gnoll completely misses you.
You hit the gnoll. You burn the gnoll.
The gnoll is severely wounded.
The gnoll hits you with a +0 spear.
* * * LOW HITPOINT WARNING * * *
You closely miss the gnoll.
The gnoll is severely wounded.
The gnoll hits you with a +0 spear.
You die...

#..................
#######...∩.##.###.*
#.....##.#
##.......#
##.#.....# #.##....#
#######.##....#
#g.............#
###@#####.........
######...# *
.........#,
#......#.#*
,..##.....
#...............
....#
#..#######+#####
...# ##.# ,* *....,
#.# * *, * *#. #.#
+, , #. #.# *, .# ,
* #.


You could see a gnoll (combustible).

Vanquished Creatures
  3 endoplasms
  A giant cockroach (D:1)
  2 goblins (D:2)
  3 hobgoblins
  A frilled lizard (D:1)
  A rat (D:2)
11 creatures vanquished.

Notes
Turn   | Place    | Note
-------+----------+-------------------------------------------
     0 | D:1      | monsoonserge the Meteoran Cinder Acolyte began the quest
                  | for the Orb.
     0 | D:1      | Reached XP level 1. HP: 19/19 MP: 3/3
   109 | D:1      | Reached XP level 2. HP: 25/26 MP: 5/5
   117 | D:1      | Learned a level 2 spell: Scorch
   152 | D:1      | Found Iliu's Weapon Emporium.
   458 | D:1      | HP: 1/27 [gnoll/+0 spear (5)]
   459 | D:1      | Slain by a gnoll

Illustrated notes

Levels and vault maps discovered:
D:1:      amcnicky_arrival_wind_blow, layout_loops_ring, serial_shops, shop,
          minmay_door_square, minivault_4
D:2:      layout_rooms, uniq_terence

Action                     || total
---------------------------++-------
  Melee: Mace              ||    31
   Cast: Scorch            ||     7
 Armour: Robe              ||     3
         Leather armour    ||     3
  Dodge: Dodged            ||    10
